 Dungeon Crawl Stone Soup version 0.17.0-15-g6d90897 (webtiles) character file.

1535 Sheev the Quickloader (level 9, -6/62 HPs)
             Began as a Formicid Hunter on Nov 10, 2015.
             Was a Believer of Cheibriados.
             Mangled by Menkaure (9 damage)
             ... on level 5 of the Dungeon.
             The game lasted 00:40:55 (7479 turns).

Sheev the Quickloader (Formicid Hunter)             Turns: 7479, Time: 00:40:55

Health: -6/62      AC: 13    Str: 20    XL:     9   Next: 11%
Magic:  9/9        EV: 10    Int: 19    God:    Cheibriados [**....]
Gold:   341        SH:  0    Dex: 18    Spells: 0 memorised, 8 levels left

rFire  + . .     SeeInvis +     b - +5 dagger (drain)
rCold  x . .     Clarity  .     v - +4 scale mail {rPois}
rNeg   . . .     SustAt   .     w - +0 buckler
rPois  +         Gourm    .     (helmet unavailable)
rElec  .         Spirit   .     p - +1 cloak
rCorr  .         Warding  .     (no gloves)
rMut   .         Stasis   +     (no boots)
MR     .....                    (no amulet)
Stlth  ..........               A - +3 ring of intelligence
                                t - ring of fire

@: confused, very slow, not resistant to hostile enchantments, extremely
unstealthy
A: permanent stasis, dig shafts and tunnels, four strong arms, antennae 3
a: Dig, Shaft Self, Bend Time, Renounce Religion


You were on level 5 of the Dungeon.
You worshipped Cheibriados.
Cheibriados was pleased with you.
You were not hungry.

You visited 2 branches of the dungeon, and saw 7 of its levels.

You collected 341 gold pieces.

Inventory:

Hand Weapons
 a - a +1 hand crossbow
 b - a +5 dagger of draining (weapon)
 j - a +1 war axe of chopping
 u - a +2 trident of protection
 B - a +1 rapier of protection
 E - a +2 whip of venom
Missiles
 c - 16 bolts
 g - 79 stones (quivered)
Armour
 p - a +1 cloak (worn)
 s - a +0 plate armour
 v - a +4 scale mail of poison resistance (worn)
 w - a +0 buckler (worn)
Jewellery
 t - a ring of fire (left hand)
 A - a +3 ring of intelligence (right hand)
Scrolls
 h - 2 scrolls of remove curse
 i - a scroll of recharging {unknown}
 k - 2 scrolls of amnesia {unknown}
 l - a scroll of random uselessness {unknown}
 o - 2 scrolls of teleportation {unknown}
 q - a scroll of noise {unknown}
 y - a scroll of blinking {unknown}
 z - a scroll of enchant armour
 C - a scroll of fear {unknown}
 D - 5 scrolls of identify
 G - 2 scrolls of enchant weapon {unknown}
 I - 2 scrolls of fog {unknown}
 K - a scroll of magic mapping {unknown}
Potions
 n - a potion of agility
 r - a potion of curing
 J - a potion of berserk rage {unknown}
Comestibles
 d - a slice of pizza
 e - 2 bread rations
 f - 3 fruits
 m - 3 meat rations
 F - 5 chunks of flesh
 H - a beef jerky


   Skills:
 - Level 2.3 Fighting
 - Level 10.1 Crossbows
 + Level 5.5 Armour
 - Level 2.1 Dodging
 - Level 1.2 Stealth


You had 8 spell levels left.
You didn't know any spells.

Dungeon Overview and Level Annotations

Branches:
Dungeon (6/15)             Temple (1/1) D:4

Altars:
Ashenzari
Cheibriados
Elyvilon
Fedhas
Gozag
Makhleb
Nemelex Xobeh
Okawaru
Xom
Yredelemnul
Zin

Annotations:
D:4 Sigmund
D:5 Menkaure


Innate Abilities, Weirdness & Mutations

You are under a permanent stasis effect.
You can dig through walls and to a lower floor.
Your four strong arms can wield two-handed weapons with a shield.
You have a pair of large antennae on your head (SInv).


Message History

Menkaure barely misses you.
Menkaure calls on the powers of darkness!
Your body is wracked with pain!
* * * LOW HITPOINT WARNING * * *
Menkaure closely misses you.
Menkaure calls on the powers of darkness!
Your body is wracked with pain!
* * * LOW HITPOINT WARNING * * *
Menkaure barely misses you. You block Menkaure's attack.
There is a stone staircase leading up here.
Menkaure hits you but does no damage.
You climb upwards.
There is a stone staircase leading down here.
You are confused.
You feel invigorated. Menkaure barely misses you. Menkaure hits you!
* * * LOW HITPOINT WARNING * * *
Menkaure hits you!
You die...

#.## #.## ##### #######
#.#. #######.).##
#.....# #.#.
#........>.## #.###.#
#...
#.###.......####.###.#
###.
#.#......)..##.....#.#
#.
##.#............#.#.#.#
#.
#.........>@#####.#.#.#
#. #.........M##
#.....# #. #.##.....###
###.### ## #.#####.##
#.###### #.#####.#
#......### #.......#
####### ####....)[
#####...# #.....#
#.#.### ####.###
#.....#### #.#.##.
#((..#
##........###.#....


You could see Menkaure.

Vanquished Creatures
  Eustachio (D:6)
  A necrophage (D:5)
  A sky beast (D:6)
  The ghost of Anothat the Shield-Bearer, an amateur FoFi of Ru (D:4)
  2 ogres
  2 centaurs
  A water moccasin skeleton (D:6)
  2 giant frogs (D:6)
  2 giant frog zombies (D:5)
  Crazy Yiuf (D:2)
  An orc priest (D:5)
  2 worker ants
  2 hounds
  2 orc wizards
  Terence (D:2)
  2 hound zombies
  Robin (D:1)
  7 adders
  7 gnolls
  An ooze (D:2)
  A worm (D:2)
  An adder skeleton (D:4)
  20 orcs
  7 bats
  9 giant cockroaches
  15 goblins
  7 hobgoblins
  14 jackals
  11 kobolds
  2 ball pythons
  4 giant geckos
  5 giant newts
  A jackal skeleton (D:5)
  3 quokkas
  12 rats
  A fungus (D:2)
153 creatures vanquished.

Notes
Turn   | Place    | Note
--------------------------------------------------------------
     0 | D:1      | Sheev the Formicid Hunter began the quest for the Orb.
     0 | D:1      | Reached XP level 1. HP: 16/16 MP: 1/1
    93 | D:1      | Reached XP level 2. HP: 12/22 MP: 2/2
   611 | D:1      | Reached XP level 3. HP: 23/28 MP: 3/3
   616 | D:1      | Reached skill level 1 in Armour
  1798 | D:2      | Reached XP level 4. HP: 25/34 MP: 4/4
  2009 | D:2      | Reached skill level 5 in Crossbows
  2042 | D:2      | You fall through a shaft!
  2635 | D:2      | Noticed Robin
  2664 | D:1      | Killed Robin
  2664 | D:1      | Reached XP level 5. HP: 19/39 MP: 5/5
  2847 | D:2      | Noticed Terence
  2855 | D:2      | Killed Terence
  2986 | D:2      | Noticed Crazy Yiuf
  2998 | D:2      | Killed Crazy Yiuf
  2998 | D:2      | Reached skill level 6 in Crossbows
  3524 | D:3      | Found a white marble altar of Elyvilon.
  3696 | D:3      | Reached XP level 6. HP: 27/45 MP: 6/6
  3856 | D:3      | Found a shimmering altar of Xom.
  4288 | D:4      | Noticed Anothat's ghost (amateur FoFi)
  4298 | D:4      | Killed Anothat's ghost
  4298 | D:4      | Reached skill level 7 in Crossbows
  4370 | D:4      | Noticed Sigmund
  4583 | D:4      | Reached XP level 7. HP: 38/51 MP: 7/7
  4878 | D:4      | Found a staircase to the Ecumenical Temple.
  4887 | Temple   | Entered the Ecumenical Temple
  4904 | Temple   | Became a worshipper of Cheibriados the Contemplative
  4969 | D:5      | Entered Level 5 of the Dungeon
  5007 | D:5      | Reached skill level 8 in Crossbows
  5958 | D:5      | Reached skill level 9 in Crossbows
  5958 | D:5      | Reached XP level 8. HP: 32/57 MP: 8/8
  6320 | D:5      | Gained mutation: You can breathe flames. [potion of mutation]
  6320 | D:5      | Gained mutation: You possess an exceptional clarity of mind. [potion of mutation]
  6321 | D:5      | Gained mutation: You are agile. (Dex +2) [potion of mutation]
  6321 | D:5      | Gained mutation: Your body sometimes deteriorates upon taking damage. [potion of mutation]
  6321 | D:5      | Gained mutation: You are very agile. (Dex +4) [potion of mutation]
  6469 | D:5      | Lost mutation: You are very agile. (Dex +4) [potion of cure mutation]
  6469 | D:5      | Lost mutation: You are agile. (Dex +2) [potion of cure mutation]
  6469 | D:5      | Lost mutation: Your body sometimes deteriorates upon taking damage. [potion of cure mutation]
  6469 | D:5      | Lost mutation: You possess an exceptional clarity of mind. [potion of cure mutation]
  6469 | D:5      | Lost mutation: You can breathe flames. [potion of cure mutation]
  6538 | D:6      | Reached * piety under Cheibriados
  6758 | D:6      | Reached skill level 10 in Crossbows
  6854 | D:6      | Noticed Eustachio
  7260 | D:6      | Killed Eustachio
  7260 | D:6      | Reached skill level 5 in Armour
  7260 | D:6      | Reached XP level 9. HP: 47/62 MP: 9/9
  7406 | D:6      | Reached ** piety under Cheibriados
  7452 | D:6      | Noticed Menkaure
  7479 | D:5      | HP: 3/62 [Menkaure (11)]
  7479 | D:5      | Mangled by Menkaure

Action                   |  1- 3 |  4- 6 |  7- 9 || total
-------------------------+-------+-------+-------++-------
Melee: Short sword       |   169 |       |       ||   169
       Dagger            |       |   141 |   266 ||   407
       Trident           |       |    23 |       ||    23
 Fire: Hand crossbow     |     5 |    34 |     3 ||    42
 Abil: Dig               |       |     1 |     3 ||     4
  Use: Scroll            |       |     4 |     2 ||     6
       Potion            |       |       |    11 ||    11
 Stab: Sleeping          |     3 |       |       ||     3
  Eat: Chunk             |     3 |     9 |     5 ||    17
       Bread ration      |       |       |     1 ||     1
